[Event "10th Amsterdam Science Park 2022"]
[Site "Amsterdam"]
[Date "2022.07.22"]
[Round "5.9"]
[White "Bullen, Alex"]
[Black "Kanis, Sierk"]
[Result "1/2-1/2"]
[ECO "D04"]
[WhiteElo "2106"]
[BlackElo "1985"]
[Annotator "TA"]
[PlyCount "135"]
[EventDate "2022.07.18"]
[EventCountry "NED"]
[SourceTitle "playchess.com"]
[Source "ChessBase"]
[SourceQuality "1"]
[TimeControl "5400+30"]

1. d4 Nf6 2. Nf3 c5 3. e3 d5 4. h3 Nc6 5. Bb5 Bd7 6. O-O {[%emt 0:00:12] D04: Colle System.} e6 7. b3 {[%emt 0:01:35] [#]} cxd4 $146 ({Predecessor:} 7... Rc8 8. Bb2 cxd4 9. exd4 Nb4 10. Bxd7+ Qxd7 11. c4 Nc6 12. Qe2 Be7 13. Nbd2 O-O {½-½ (19) Egorov,V (2041)-Sloboda,V (2188) LSS email 2017}) 8. exd4 Rc8 9. Re1 Bd6 10. Bb2 O-O 11. a3 Ne4 12. Bd3 f5 13. c4 Qf6 (13... Be8 $5 ) 14. Nc3 Be8 (14... Ne7 $11) 15. cxd5 $14 Nxc3 16. Bxc3 exd5 17. Ne5 Qh4 18. Qf3 Ne7 19. Bb2 {[%emt 0:06:03] White is more active.} (19. Bf1 $1 $14) 19... Bh5 $11 20. Qg3 Qxg3 21. fxg3 Be8 22. Re2 Nc6 23. Rf1 g6 24. g4 fxg4 25. Rxf8+ Bxf8 26. hxg4 Bg7 27. b4 Bf7 28. Kf2 Nxe5 29. dxe5 Be6 30. g5 Bf8 31. Bd4 b6 (31... Be7 $15) 32. Rc2 Be7 33. Be3 Kf7 34. Bf4 (34. Rxc8 $11 Bxc8 35. Be2) 34... Bd7 (34... Rxc2+ $17 35. Bxc2 Bf5) 35. Ke3 (35. Rxc8 $11 Bxc8 36. Kg3) 35... a5 $15 36. Kd4 Ke6 (36... axb4 $17 37. Rxc8 Bxc8 38. axb4 Bxb4 39. Kxd5 Bb7+ 40. Kd4 Bc5+ 41. Kc3 Bxg2 42. Bc4+ Ke7) 37. Bd2 $11 axb4 38. axb4 Rxc2 39. Bxc2 {[%emt 0:00:03][%mdl 4096] Endgame KBB-KBB} Bb5 40. Bd1 Bc4 $1 41. Bg4+ Kf7 42. e6+ Ke8 43. Bf3 Bd6 $1 44. Bxd5 Ba6 45. Ke4 Bf1 46. Kf3 Ke7 47. Bc3 Ke8 48. Kf2 Ba6 (48... Bb5 $11 {keeps the balance.}) 49. Bc6+ $1 $16 Ke7 50. Bd7 $1 {[%emt 0:00:00] Black must now prevent Bf6+.} Bc4 (50... Bf4 $16) 51. Bf6+ $18 Kf8 {[%emt 0:00:00] [#]} 52. b5 $1 Bc5+ 53. Kf3 Bd5+ {[%emt 0:00:00] [#]} 54. Kf4 (54. Kg3 $1 $16) 54... Bxg2 $11 55. Ke5 Bf3 56. Bd8 Bg2 57. Bc6 Bh3 58. Bd5 Bf1 59. Bc6 Bh3 60. Bf6 Bg4 61. Bd7 {[%emt 0:00:00][%cal Oe6e7] e7+! would kill now.} Bf3 62. Kf4 Bd5 63. Bd8 Bg2 64. Bc7 Ke7 {[%emt 0:00:23] The position is equal.} 65. Ke5 Bf3 66. Kf4 Bd5 67. Ke5 Bf3 68. Kf4 {[%emt 0:01:19] Weighted Error Value: White=0.19 (very precise) /Black=0.17 (very precise)} 1/2-1/2

[Event "10th Amsterdam Science Park 2022"]
[Site "Amsterdam"]
[Date "2022.07.22"]
[Round "5.10"]
[White "Klaren, Duncan"]
[Black "De Groote, Ewoud"]
[Result "0-1"]
[ECO "B15"]
[WhiteElo "1942"]
[BlackElo "2245"]
[Annotator "TA"]
[PlyCount "82"]
[EventDate "2022.07.18"]
[EventCountry "NED"]
[SourceTitle "playchess.com"]
[Source "ChessBase"]
[SourceQuality "1"]
[TimeControl "5400+30"]

1. e4 c6 2. d4 d5 3. Nc3 dxe4 4. Nxe4 Nf6 5. Nxf6+ exf6 6. c3 Bd6 7. Bd3 O-O 8. Ne2 Qc7 9. Qc2 h5 $1 {[%emt 0:01:38][%mdl 4] is currently scoring better than 9...h6. B15: Caro-Kann: 3 Nc3: 3...g6 and 3...dxe4 4 Nxe4 Nf6 5 Nxf6+ exf6.} 10. Be3 Re8 11. O-O-O h4 (11... Be6 $11) 12. g3 h3 {[%emt 0:13:56] [#]} 13. Bf4 $146 ({Predecessor:} 13. Bh7+ Kf8 14. Bf5 Nd7 15. Bxh3 Nb6 16. Bxc8 Qxc8 17. Qh7 Qg4 18. Rhe1 Nd5 19. h3 {1-0 (65) Dourerassou,J (2477)-Okhotnik,V (2350) Tornelo INT 2020}) 13... Nd7 14. Rde1 Nf8 15. Bxd6 Qxd6 16. Nf4 Bd7 17. Bf5 c5 (17... Ne6 $11 18. Bxh3 Nxf4 19. Bxd7 Rxe1+ 20. Rxe1 Ng2) 18. Rd1 ({White should play} 18. Rxe8 $14 Rxe8 19. Bxd7 Qxd7 20. dxc5) 18... Rad8 $11 19. Bxd7 (19. dxc5 {with more complications.} Qxc5 20. Bxd7 Nxd7 21. Nxh3 Ne5 22. Rhe1) 19... Rxd7 (19... Nxd7 $11 20. dxc5 Qc6) 20. dxc5 $14 Qxc5 21. Rxd7 ({Better is} 21. Nxh3 $16 Qc6 22. Nf4) 21... Nxd7 22. Qa4 (22. Rd1 $14 {is more appropriate.} Nb8 23. Nxh3) 22... b5 $11 23. Qd4 Qf5 24. Rd1 Ne5 25. Nd5 Ng6 26. b3 (26. f4 $11) 26... a5 (26... Qf3 $17 {Threatens to win with ...Re2.} 27. Qd3 (27. Qxa7 Re2 $17) 27... Qxf2) 27. Qd2 {[%emt 0:01:44] Inhibits Re2.} (27. f4 $1 $11 {was the only way to keep the balance.}) 27... a4 (27... Qf3 $17 {Strongly threatening ...Re2.} 28. Ne3 Ne5) 28. Kb2 (28. f4 $11 {keeps the balance.}) 28... Qf3 $17 {[%emt 0:00:14] [#] And now ...Re2 would win.} 29. Ne3 f5 {[%emt 0:00:07] Black is more active.} 30. Re1 Ra8 (30... Ne5 $17 {...Qe4 is the strong threat.} 31. Kb1 Qe4+ 32. Qc2 Ng4 33. Qxe4 Rxe4) 31. Nc2 $11 f4 32. gxf4 ({Reject} 32. Nd4 Qg2 33. Qe2 Qxh2 $17) 32... Nxf4 33. Re3 {[%emt 0:00:09] Inhibits Nd3+.} Qc6 34. Rg3 Qf6 {[%emt 0:00:30] [#] Hoping for ...Rd8.} 35. Rf3 g5 {[%emt 0:00:11] aiming for ...Rd8.} 36. Rg3 $2 (36. Qd4 $11 {and White is okay.} Qg6 37. Re3) 36... Rd8 $19 37. Qe3 ({But not} 37. Nd4 b4 38. Re3 a3+ 39. Kc2 bxc3 40. Qxc3 Rxd4 $19) 37... Rd3 38. Qc5 (38. Qe8+ Kg7 39. Kc1) 38... Rxg3 39. Qc8+ Kg7 {[%emt 0:00:12] ( -> ...Nd3+)} 40. fxg3 Nd3+ 41. Ka3 Qf1 {[%emt 0:01:15] Weighted Error Value: White=0.74/Black=0.16 (very precise)} 0-1

[Event "10th Amsterdam Science Park 2022"]
[Site "Amsterdam"]
[Date "2022.07.23"]
[Round "6.1"]
[White "Van der Poel, Henk"]
[Black "Van Delft, Merijn"]
[Result "1/2-1/2"]
[ECO "B23"]
[WhiteElo "2210"]
[BlackElo "2383"]
[Annotator "TA"]
[PlyCount "68"]
[EventDate "2022.07.18"]
[EventCountry "NED"]
[SourceTitle "playchess.com"]
[Source "ChessBase"]
[SourceQuality "1"]
[TimeControl "5400+30"]

1. e4 c5 2. Nc3 d6 3. d4 cxd4 4. Qxd4 Nc6 5. Bb5 Bd7 6. Bxc6 {[%emt 0:00:21] B23: Closed Sicilian: Lines without g3.} Bxc6 7. Bg5 {[%emt 0:00:51] is the legacy move (7.Nf3).} h6 8. Be3 e5 9. Qd3 Nf6 10. O-O-O Qa5 {[%emt 0:01:45] [#]} 11. Nge2 $146 ({Predecessor:} 11. h3 Be7 12. f4 O-O 13. Nge2 b5 14. Kb1 b4 15. Nd5 Nxd5 16. exd5 Bb5 17. Qd2 Bxe2 18. Qxe2 exf4 {½-½ (41) Inants,A (2178)-Akhmadeev,V (2438) Saratov 2006}) 11... Rd8 12. Kb1 g6 (12... d5 {looks sharper.} 13. exd5 Nxd5 14. Qf5 Bd6) 13. Nd5 Nxd5 14. exd5 Bb5 15. Qc3 (15. c4 $14 Bd7 16. Nc3) 15... Qa6 $1 $11 16. Ng3 Bg7 17. f4 f5 $1 18. fxe5 (18. Rhe1 $15) 18... O-O {[%emt 0:13:26] Threatens to win with ...f4.} 19. Qd2 dxe5 {[%emt 0:01:01] White must now prevent ...f4.} 20. Bxh6 f4 (20... Bc4 $15 {stays ahead.} 21. b3 Bxd5) 21. Bxg7 $16 Kxg7 {[%emt 0:00:14] [#]} 22. Ne4 (22. Qb4 $1 $14 Rfe8 (22... Bc4 23. Qe7+) 23. Ne4) 22... Bc4 $40 {[%emt 0:00:09][%csl LRa2,LRd5][%cal Bb5c4,Bc4d5,Bd5c6][%mdl 160] White needs to defend precisely.} 23. b3 Bxd5 {[%emt 0:01:59] [#]} 24. Qc3 $1 Qe6 25. Nc5 Qf6 26. Rhe1 Rfe8 (26... Bxg2 $2 27. Nd7 Rc8 28. Qd2 $18) 27. Rd2 Bc6 {[%emt 0:04:09] ...Rxd2 is the strong threat.} (27... e4 $5 28. Qxf6+ Kxf6 29. Nxe4+ Bxe4 30. Rxd8 Bxc2+ 31. Kxc2 Rxd8 $11) 28. Rxd8 Qxd8 ({Don't take} 28... Rxd8 29. Ne6+ $1 Qxe6 30. Rxe5 $16) 29. Nd3 Qf6 30. Re2 (30. Rxe5 $11 Rxe5 31. Nxe5) 30... e4 $17 31. Qxf6+ Kxf6 32. Nxf4 {[%emt 0:00:10] [#]} e3 ({Black should play} 32... Kf5 $1 $17 33. g3 e3) 33. Kc1 Kf5 {[%emt 0:00:29][%mdl 1024] Black has compensation.} 34. Nd3 Rh8 {[%emt 0:01:38] Weighted Error Value: White=0.22 (precise) /Black=0.15 (very precise)} (34... g5 $11) 1/2-1/2

[Event "10th Amsterdam Science Park 2022"]
[Site "Amsterdam"]
[Date "2022.07.23"]
[Round "6.2"]
[White "Bosboom, Manuel"]
[Black "Bruil, Rembrandt"]
[Result "1/2-1/2"]
[ECO "C00"]
[WhiteElo "2381"]
[BlackElo "2204"]
[Annotator "TA"]
[PlyCount "52"]
[EventDate "2022.07.18"]
[EventCountry "NED"]
[SourceTitle "playchess.com"]
[Source "ChessBase"]
[SourceQuality "1"]
[TimeControl "5400+30"]

1. Nf3 Nf6 2. g3 d5 3. Bg2 e6 4. O-O Be7 5. d3 c5 6. Nbd2 Nc6 7. e4 b6 8. Re1 Bb7 9. c3 h6 10. a3 {[%emt 0:08:21] C00: French: Unusual White 2nd moves.} O-O 11. e5 {[%emt 0:01:28] [#]} Nh7 $146 ({Predecessor:} 11... Nd7 12. d4 b5 13. dxc5 Nxc5 14. Nb3 a5 15. Nxc5 Bxc5 16. Nd4 Qb6 17. Qg4 h5 18. Qxh5 Nxd4 19. cxd4 Bxd4 {½-½ (42) Gonzalez de la Torre,S (2435)-Batsiashvili,N (2425) Elgoibar 2012}) 12. h4 b5 13. Nh2 (13. Nb3 $14) 13... a5 $11 14. Ng4 b4 15. Nf1 Kh8 16. Nfh2 bxc3 17. bxc3 Ba6 18. c4 $1 Rc8 {[%emt 0:03:57] [#]} 19. cxd5 $1 exd5 20. Rb1 Nd4 21. Ne3 c4 22. dxc4 ({But not} 22. Nxd5 cxd3 23. Be3 Nc2 $15) 22... dxc4 23. Nd5 Bc5 24. Be4 {[%emt 0:05:46] Prevents Nf5. White is more active.} (24. Be3 $16 Nf5 25. Bxc5 Rxc5 26. Qc2) 24... f5 25. Bg2 Ne6 26. Bd2 (26. Be3 $14) 26... Bd4 {[%emt 0:05:34] Weighted Error Value: White=0.12 (very precise) /Black=0.16 (very precise)} (26... c3 $11 {keeps the balance.} 27. Bxc3 f4 28. Nxf4 Qxd1 29. Rbxd1 Nxf4 30. gxf4 Rxf4) 1/2-1/2

[Event "10th Amsterdam Science Park 2022"]
[Site "Amsterdam"]
[Date "2022.07.23"]
[Round "6.3"]
[White "Duchene, Rene"]
[Black "Blom, Vincent"]
[Result "0-1"]
[ECO "B13"]
[WhiteElo "2137"]
[BlackElo "2325"]
[Annotator "TA"]
[PlyCount "65"]
[EventDate "2022.07.18"]
[EventCountry "NED"]
[SourceTitle "playchess.com"]
[Source "ChessBase"]
[SourceQuality "1"]
[TimeControl "5400+30"]

1. Nf3 c5 2. e3 Nf6 3. d4 cxd4 4. exd4 d5 5. c4 Be6 6. c5 Nc6 7. Nc3 g6 8. Bb5 {[%emt 0:01:50] B13: Caro-Kann: Exchange Variation and Panov-Botvinnik Attack.} Bg7 9. O-O O-O 10. h3 {[%emt 0:01:15] Inhibits Bg4. The position is equal.} Ne4 11. Re1 Qa5 12. Bxc6 Nxc3 {[%emt 0:02:12] [#]} 13. Qd2 $146 ({Predecessor:} 13. bxc3 bxc6 14. Bf4 Qxc3 15. Rb1 Bf5 16. Rb3 Qa5 17. Rxe7 Qxa2 18. Rbb7 a5 19. Ne5 Be6 20. Nxc6 a4 21. Qe1 a3 22. Qxe6 Rae8 23. Rxf7 {1-0 (23) Piscopo,P (2409)-Rombaldoni,D (2485) Condino 2014}) 13... bxc6 14. Qxc3 Qc7 15. Ne5 f6 {[%emt 0:08:08] [#]} (15... Qb7 $11) 16. Nxg6 $1 $16 hxg6 17. Rxe6 {[%emt 0:00:06] Threatens to win with Bd2.} Qd7 18. Re2 e5 {[%emt 0:00:25] Inhibits Bf4.} 19. Qg3 Qf5 20. Be3 (20. Bd2 $142) 20... Rab8 21. Rd1 Rfe8 22. Qg4 ({White should play} 22. b3 $16) 22... Qxg4 $15 23. hxg4 exd4 24. Rxd4 f5 25. Ra4 {[%emt 0:00:15] White does not recover from this.} (25. Rdd2 $1 $15) 25... d4 $1 $19 26. Bf4 $2 (26. Ra6 {is a better chance.}) 26... Rxe2 27. Bxb8 {[%emt 0:00:09][%mdl 4096] Endgame KRB-KRB} d3 {[%emt 0:02:53] [#] aiming for ...d2.} 28. Bf4 d2 29. Bxd2 Rxd2 30. gxf5 gxf5 31. b4 Bd4 32. Rxa7 Bxf2+ 33. Kf1 {[%emt 0:00:35] Weighted Error Value: White=0.50/Black=0.16 (very precise)} 0-1

[Event "10th Amsterdam Science Park 2022"]
[Site "Amsterdam"]
[Date "2022.07.23"]
[Round "6.4"]
[White "Baarslag, Ed"]
[Black "De Winter, Arthur"]
[Result "0-1"]
[ECO "E92"]
[WhiteElo "2161"]
[BlackElo "2150"]
[Annotator "TA"]
[PlyCount "58"]
[EventDate "2022.07.18"]
[EventCountry "NED"]
[SourceTitle "playchess.com"]
[Source "ChessBase"]
[SourceQuality "1"]
[TimeControl "5400+30"]

1. d4 Nf6 2. c4 g6 3. Nc3 Bg7 4. e4 d6 5. Be2 O-O 6. Nf3 e5 7. d5 a5 8. Bg5 h6 9. Bh4 Na6 10. Nd2 Qe8 11. O-O Nh7 12. Bg4 {[%emt 0:06:59] E92: King's Indian: Classical: 6 Be2 e5: 7 dxe5, 7 Be3 and Petrosian System without 7...Nbd7.} (12. f3 $11 {remains equal.}) 12... Bxg4 $17 13. Qxg4 {[%emt 0:00:52] [#]} f5 $146 ({Predecessor:} 13... h5 14. Qg3 Bh6 15. f4 exf4 16. Qf3 Qe5 17. Qe2 Rae8 18. Rae1 Qg7 19. Nf3 Nc5 {1-0 (42) Kowsarinia,A (2319)-Kumic,F (2230) Istanbul 2012}) 14. exf5 {[%emt 0:00:37] Black is slightly better.} g5 15. Bg3 h5 $1 16. Qd1 h4 17. f4 hxg3 18. fxg5 Nxg5 19. h4 Nh7 20. Nde4 Nc5 21. Nxg3 (21. Nxc5 $17 dxc5 22. Qg4) 21... Kh8 (21... Nf6 $142 {White must now prevent ...e4.} 22. Qd2 Kh7) 22. Nb5 (22. Qf3 {might work better.}) 22... Qe7 $19 23. Qg4 (23. f6 {is a better defense.} Rxf6 24. Rxf6 Nxf6 25. Nf5) 23... Bf6 24. Ne2 (24. Qh3 $142 Rf7 25. Nh5) 24... Rg8 {[%emt 0:06:37][%cal Bf8g8,Bg8g7,Bg7g4][%mdl 32] Black is clearly winning.} 25. Qh3 Rg7 {[%emt 0:03:22] [#] Hoping for ...Rag8.} 26. Rf3 Rag8 27. g3 Rg4 28. Re1 Qf7 29. Kf2 e4 {[%emt 0:00:45] White got outplayed after the opening.  Weighted Error Value: White=0.95/Black=0.11 (very precise)} 0-1

[Event "10th Amsterdam Science Park 2022"]
[Site "Amsterdam"]
[Date "2022.07.23"]
[Round "6.5"]
[White "Van der Velde, Henk"]
[Black "Kumar, Prajit Sai"]
[Result "1/2-1/2"]
[ECO "A11"]
[WhiteElo "2079"]
[BlackElo "2040"]
[Annotator "TA"]
[PlyCount "58"]
[EventDate "2022.07.18"]
[EventCountry "NED"]
[SourceTitle "playchess.com"]
[Source "ChessBase"]
[SourceQuality "1"]
[TimeControl "5400+30"]

1. c4 c6 2. g3 d5 3. Nf3 Nf6 4. Bg2 Bf5 5. Qb3 Qb6 6. d3 e6 {[%emt 0:02:10] A11: English Opening: 1...c6.} 7. Be3 Qxb3 8. axb3 a6 {[%emt 0:00:12] White has an edge.} 9. Nh4 Bg6 10. Bd4 Nbd7 11. Bc3 {[%emt 0:01:47] [#]} Bh5 $146 ({Predecessor:} 11... Bd6 12. Nxg6 hxg6 13. h4 Be5 14. Nd2 Ke7 15. e3 Bxc3 16. bxc3 a5 17. d4 b5 {1-0 (34) Pantsulaia,L (2587)-Can,I (2423) Cattolica 2022}) 12. h3 h6 13. b4 Rc8 14. Nd2 d4 15. Bxd4 Bxb4 16. g4 g5 $1 17. Nhf3 Bg6 18. Ne5 Nxe5 19. Bxe5 Ke7 20. O-O-O Rhg8 21. Kc2 h5 22. Bf3 hxg4 23. hxg4 Nd7 24. Bc3 Bxc3 25. Kxc3 Ne5 26. b4 f6 27. c5 Rgd8 28. Nc4 Nxc4 29. Kxc4 e5 {[%emt 0:04:31] Weighted Error Value: White=0.06 (flawless) /Black=0.05 (flawless)} 1/2-1/2

[Event "10th Amsterdam Science Park 2022"]
[Site "Amsterdam"]
[Date "2022.07.23"]
[Round "6.7"]
[White "De Groote, Ewoud"]
[Black "Duson, Robin"]
[Result "1-0"]
[ECO "B47"]
[WhiteElo "2245"]
[BlackElo "2027"]
[Annotator "TA"]
[PlyCount "59"]
[EventDate "2022.07.18"]
[EventCountry "NED"]
[SourceTitle "playchess.com"]
[Source "ChessBase"]
[SourceQuality "1"]
[TimeControl "5400+30"]

1. e4 c5 2. Nf3 e6 3. d4 cxd4 4. Nxd4 Nc6 5. Nc3 Qc7 6. g3 a6 7. Bg2 Nf6 8. O-O h5 {[%emt 0:01:07] 8...Nxd4 is a critical line. B47: Sicilian: Taimanov: 5 Nc3 Qc7 6 f4, 6 g3 and 6 Be2.} (8... Bc5 $5 9. Nb3 Ba7 $14) 9. h3 Bc5 10. Nxc6 bxc6 {[%emt 0:12:53] The position is equal.} 11. Qf3 h4 {[%emt 0:04:36] White must now prevent ...hxg3.} 12. g4 {[%emt 0:09:35] [#]} Qg3 $146 ({Predecessor:} 12... e5 13. b3 Nh7 14. Na4 Be7 15. Qc3 g5 16. f4 gxf4 17. Bxf4 d6 18. Rad1 Be6 {1-0 (36) Brkic,A (2573)-Milov,L (2472) Schwarzach 2019}) 13. Bf4 Qxf3 14. Bxf3 d5 15. Rfe1 Kf8 {[%emt 0:04:25] Black is on the road to losing.} (15... Be7 $14) 16. exd5 cxd5 17. Na4 $1 Ba7 18. c4 {[%emt 0:02:43][%cal Bc2c4,Bc4c5][%mdl 32] White is more active.} Bb7 19. Rac1 Ne4 20. Bxe4 dxe4 21. c5 {[%emt 0:00:52] aiming for Nb6.} Bc6 (21... Rc8 $16) 22. Nb6 $18 Rd8 {[%emt 0:03:23] [#]} 23. Bc7 $1 Rd3 {[%emt 0:01:09] [#]} (23... Re8 24. Rcd1 Bxb6 25. Bd6+ (25. Bxb6 Rc8 $14) (25. cxb6 Ke7 $16) 25... Kg8 26. cxb6 Rc8) 24. Bd6+ $1 (24. Nc8 Rd7 25. Nxa7 Rxc7 26. Nxc6 Rxc6 $16) 24... Ke8 {[%emt 0:00:49] Hoping for ...Bxb6.} 25. Nc8 Bxc5 26. Bxc5 ({Weaker is} 26. Rxc5 Kd7 $18) 26... Rxh3 (26... Kd7 $142 27. Nb6+ Kc7) 27. Nd6+ Kd7 28. Nxf7 e3 29. Ne5+ Kc7 30. Nxc6 {[%emt 0:00:37] Weighted Error Value: White=0.02 (flawless) /Black=0.36} 1-0

[Event "10th Amsterdam Science Park 2022"]
[Site "Amsterdam"]
[Date "2022.07.23"]
[Round "6.8"]
[White "Van Nieuwkerk, Ton"]
[Black "Van Arkel, Rogier"]
[Result "1/2-1/2"]
[ECO "B06"]
[WhiteElo "2014"]
[BlackElo "2187"]
[Annotator "TA"]
[PlyCount "90"]
[EventDate "2022.07.18"]
[EventCountry "NED"]
[SourceTitle "playchess.com"]
[Source "ChessBase"]
[SourceQuality "1"]
[TimeControl "5400+30"]

1. e4 c5 2. c3 d5 3. exd5 Qxd5 4. d4 g6 5. Nf3 Bg7 6. Be3 cxd4 7. cxd4 Nh6 $2 {[%emt 0:11:30] [#] B06: Modern Defence.} (7... Qa5+ $11 {and Black stays safe.} 8. Nc3 Nh6) 8. Nc3 $2 (8. Qc1 $1 $18 Bg4 9. Bxh6 Bxh6 10. Qxh6 Bxf3 11. gxf3) 8... Qa5 $11 9. Bc4 O-O 10. O-O {[%emt 0:00:35] [#]} Qc7 $146 ({Predecessor:} 10... Nf5 11. Qe2 Nc6 12. Rad1 Nd6 13. Bb3 Qh5 14. h3 Na5 15. Bc2 Be6 16. d5 Bf5 {½-½ (115) Kalezic,B (2460)-Guseinov,G (2664) Skopje 2018}) 11. Bb3 {[%emt 0:11:01] Black must now prevent Nd5.} Nc6 12. Rc1 Bg4 13. h3 (13. d5 $11 Na5 14. Ne4) 13... Bxf3 $15 14. Qxf3 Nf5 $1 ({Much worse is} 14... Nxd4 15. Bxd4 Bxd4 16. Nb5 $11) 15. Ne2 Qd6 16. Rfd1 Rac8 17. Rc3 Na5 18. Rdc1 {[%emt 0:09:58] [#]} (18. Rxc8 $11 Rxc8 19. Ng3 Nxb3 20. Nxf5 gxf5 21. axb3) 18... Nxb3 $1 19. Rxc8 (19. axb3 Qd7) 19... Nxc1 20. Rxc1 Qb6 21. b3 Rd8 22. Qe4 e5 ({But not} 22... Nxd4 23. Nxd4 Bxd4 24. Qxe7 $14) 23. dxe5 {[%emt 0:01:47] The position is equal.} (23. Bg5 {looks sharper.} f6 24. Bd2 Nd6 25. Qf3) 23... Nxe3 24. Qxe3 Qxe3 25. fxe3 Bxe5 $11 {[%emt 0:01:33][%mdl 4096] Endgame KRB-KRN} 26. Rc2 {[%emt 0:01:49] Against Rd2} h5 27. Kf2 f5 28. h4 Kf7 29. Kf3 Rd1 30. g3 Rh1 31. Nf4 Kf6 32. Nd5+ Kf7 33. Nf4 Rf1+ 34. Ke2 Rh1 35. Kf3 Rd1 36. Ke2 Rd7 37. Kf3 Bc7 38. Ke2 Bb6 39. Kf3 Rd1 40. Ke2 Rh1 {[%emt 0:01:06] Strongly threatening ...Rh2+.} 41. Kf3 Rd1 {[%emt 0:00:00] Prevents Nd5.} 42. Ke2 Rd8 43. Kf3 Kf6 44. Ke2 Rd7 45. Rd2 Rd8 {Weighted Error Value: White=0.18 (very precise) /Black=0.21 (precise)} 1/2-1/2

[Event "10th Amsterdam Science Park 2022"]
[Site "Amsterdam"]
[Date "2022.07.23"]
[Round "6.9"]
[White "Van Baar, Esper"]
[Black "Berrevoets, Jeroen"]
[Result "1-0"]
[ECO "C07"]
[WhiteElo "2281"]
[BlackElo "2064"]
[Annotator "TA"]
[PlyCount "59"]
[EventDate "2022.07.18"]
[EventCountry "NED"]
[SourceTitle "playchess.com"]
[Source "ChessBase"]
[SourceQuality "1"]
[TimeControl "5400+30"]

1. e4 e6 2. d4 d5 3. Nd2 c5 4. Ngf3 cxd4 5. Nxd4 Nc6 6. Bb5 Bd7 7. Nxc6 bxc6 8. Bd3 Bd6 {[%emt 0:00:04] C07: French Tarrasch: 3...c5, 4 Ngf3 and 4 exd5 Qxd5.} 9. Qe2 e5 {[%emt 0:04:22] The modern move.} 10. c4 d4 {[%emt 0:00:17] The position is equal.} 11. c5 Bxc5 12. Nc4 Qe7 13. O-O Nf6 {[%emt 0:01:39][%cal Bg8f6,Bf6d5,Bd5f4][%mdl 32] [#]} 14. a3 $146 ({Predecessor:} 14. f4 exf4 15. Bxf4 Ng4 16. h3 Ne3 17. Nxe3 dxe3 18. Bxe3 O-O 19. Rac1 Bd6 20. Qf2 {½-½ (20) Santos Ruiz,M (2597)-Mirzoev,E (2475) Terme Catez 2022}) 14... a5 ({Better is} 14... O-O $11) 15. h3 (15. Bg5 $14) 15... O-O $36 {[%emt 0:01:40][%mdl 2048] Black has some pressure.} 16. f4 exf4 17. Bxf4 Nd5 18. Qh5 (18. exd5 $11 Qxe2 19. Bxe2 d3+ 20. Be3 dxe2 21. Rfe1 Bxe3+ 22. Nxe3) 18... Nxf4 $17 19. Rxf4 g6 20. Qf3 (20. Qh6 $17 {was called for.}) 20... Be6 $19 21. Rf1 a4 22. Kh1 Rab8 23. Qe2 Qc7 24. e5 Bd5 25. Rh4 (25. Be4 $17 {keeps fighting.}) 25... Qe7 26. Rf6 {[%emt 0:00:14] Threatens to win with Qd2.} Rb3 $4 {[%emt 0:05:36][%mdl 8192] [#]} (26... Rfe8 $19 27. Be4 Qd8) 27. Qd2 $1 $18 {[%emt 0:00:58][%cal Od2h6] Intending Qh6! and mate.} h5 {[%emt 0:09:08] [#]} 28. Rxh5 $3 {[%emt 0:00:18][%mdl 512] White mates.} Rxd3 {[%emt 0:05:32] [#]} (28... Qxe5 29. Nxe5) 29. Qh6 $1 Bxg2+ 30. Kxg2 {[%emt 0:00:33] What a bad dream for Black.  Weighted Error Value: White=0.19 (very precise) /Black=0.38} 1-0